 Dungeon Crawl Stone Soup version 0.30.1-11-g7821555f0a (webtiles) character file.

Game seed: 9880542913211308322

8949 Eitelfritz the Cleaver (level 11, 0/95 HPs)
             Began as a Hill Orc Fighter on Dec 30, 2023.
             Was an Elder of Beogh.
             Slain by a troll (13 damage)
             ... on level 11 of the Dungeon.
             The game lasted 00:26:42 (10770 turns).

Eitelfritz the Cleaver (Hill Orc Fighter)          Turns: 10770, Time: 00:26:42

Health: 0/95       AC: 16    Str: 30    XL:     11   Next: 38%
Magic:  18/18      EV: 12    Int:  8    God:    Beogh [****..]
Gold:   649        SH: 10    Dex: 10    Spells: 10/10 levels left

rFire   + . .        a - +1 war axe
rCold   . . .        c - +0 buckler
rNeg    . . .        d - +2 ring mail {rF+}
rPois   .            s - +2 helmet
rElec   .            E - +2 cloak {rCorr}
rCorr   +            (no gloves)
SInv    .            z - +0 pair of boots
Will    .....        n - amulet of reflection
Stlth   +            w - +6 ring of strength
HPRegen 0.35/turn    (no ring)
MPRegen 0.16/turn

%: reflection
@: no status effects
A: no striking features
a: Renounce Religion, Smiting, Recall Orcish Followers


You were on level 11 of the Dungeon.
You worshipped Beogh.
Beogh was greatly pleased with you.
You visited 2 branches of the dungeon, and saw 12 of its levels.
You also visited: Bailey.

You collected 649 gold pieces.

Inventory:

Hand Weapons
 a - a +1 war axe (weapon)
 b - a +0 antimagic sling
 p - a +4 morningstar
 y - a +2 long sword of flaming
Missiles
 e - 25 poisoned darts (quivered)
 A - 2 atropa-tipped darts
 C - 2 curare-tipped darts
 D - 2 silver javelins
 K - a throwing net
Armour
 c - a +0 buckler (worn)
 d - a +2 ring mail of fire resistance (worn)
 s - a +2 helmet (worn)
 z - a +0 pair of boots (worn)
 B - +0 steam dragon scales
 E - a +2 cloak of preservation (worn)
Jewellery
 h - an amulet of regeneration
 n - an amulet of reflection (around neck)
 w - a +6 ring of strength (left hand)
 F - a ring of wizardry
 Q - an amulet of guardian spirit
Wands
 f - a wand of roots (27)
 q - a wand of light (11)
 t - a wand of mindburst (13)
 u - a wand of flame (36)
 P - a wand of digging (6)
Scrolls
 g - a scroll of silence
 i - 3 scrolls of teleportation
 v - 2 scrolls of fog
 L - 2 scrolls of poison
 M - 2 scrolls of enchant armour
 N - 3 scrolls of identify
 O - a scroll of enchant weapon
Potions
 j - 7 potions of curing
 k - 4 potions of haste
 l - 4 potions of brilliance
 m - a potion of lignification
 o - 2 potions of heal wounds
 r - 5 potions of flight
 x - 4 potions of mutation
 G - a potion of cancellation {unknown}
 H - 3 potions of might
 I - 2 potions of invisibility {unknown}
Miscellaneous
 J - a box of beasts


   Skills:
 + Level 8.6 Fighting
 + Level 13.1 Axes
 + Level 1.0 Ranged Weapons
 + Level 0.1 Throwing
 + Level 7.1 Armour
 + Level 4.0 Dodging
 + Level 2.6 Stealth
 + Level 7.5 Shields
 * Level 9.7 Invocations


You had 10 spell levels left.
You didn't know any spells.
Your spell library contained the following spells:

 Spells                   Type           Power      Damage    Failure   Level
 Magic Dart               Conj           0%         1d3       56%         1
 Necrotise                Necr           0%         1d4       56%         1
 Shock                    Conj/Air       0%         1d3       56%         1
 Blink                    Tloc           0%         N/A       71%         2
 Lesser Beckoning         Tloc           0%         N/A       71%         2
 Searing Ray              Conj           0%         2d4       71%         2
 Call Canine Familiar     Summ           0%         N/A       90%         3
 Gell's Gravitas          Tloc           0%         N/A       90%         3
 Inner Flame              Hex/Fire       0%         N/A       90%         3
 Portal Projectile        Hex/Tloc       0%         N/A       90%         3
 Swiftness                Air            0%         N/A       90%         3
 Teleport Other           Tloc           0%         N/A       90%         3
 Tukima's Dance           Hex            0%         N/A       90%         3
 Airstrike                Air            0%         2d(0-16)  100%        4
 Flame Wave               Conj/Fire      0%         2d4       100%        4
 Fulminant Prism          Conj/Hex       0%         3d5       100%        4
 Leda's Liquefaction      Hex/Erth       0%         N/A       100%        4
 Manifold Assault         Tloc           0%         N/A       100%        4
 Passage of Golubria      Tloc           0%         N/A       100%        4
 Sticky Flame             Conj/Fire      0%         2d3       100%        4
 Yara's Violent Unravell  Hex/Tmut       0%         3d3       100%        5
 Storm Form               Tmut/Air       0%         N/A       100%        7


Dungeon Overview and Level Annotations

Branches:
Dungeon (11/15)            Temple (1/1) D:4            Lair (0/5) D:11
    Orc (0/2) D:9          Bailey (visited)

Altars:
Ashenzari
Cheibriados
Dithmenos
Elyvilon
Fedhas
Gozag
Hepliaklqana
Kikubaaqudgha
Makhleb
Nemelex Xobeh
Okawaru
Qazlal
Ru
Sif Muna
Trog
Uskayaw
Vehumet
Wu Jian
Xom
Yredelemnul
Zin
The Shining One
Beogh

Shops:
D:4 :   D:8 (


Message History

You slash the troll!
The troll is heavily wounded.
The troll bites you!
* * * LOW HITPOINT WARNING * * *
The troll claws you.
* * * LOW HITPOINT WARNING * * *
You block the troll's attack.
Your orc wizard gestures wildly while chanting.
Your orc wizard flickers and vanishes for a moment.
You closely miss the troll.
The troll is heavily wounded.
The troll barely misses you. You block the troll's attack. x2
Unknown command.
You hit the troll.
The troll is heavily wounded.
You block the troll's attack. x2; The troll completely misses you.
Unknown command.
You slash the troll!
The troll is severely wounded.
You block the troll's attack. The troll claws you.
* * * LOW HITPOINT WARNING * * *
The troll barely misses you.
Unknown command.
You closely miss the troll.
The troll is severely wounded.
Your orc wizard goes into a battle-frenzy!
Unknown command.
You closely miss the troll.
The troll is severely wounded.
The troll closely misses you. You block the troll's attack.
The troll misses you.
Unknown command.
You hit the troll.
The troll is severely wounded.
The troll bites you but does no damage. You block the troll's attack. x2
Unknown command.
You hit the troll.
The troll is almost dead.
The troll bites you!
You die...

#..........
#..........
###.........#
###.).........#
#...#.........#
................#
~.~...~~.........
~~≈..~...@#
~~~≈~~...T#
.≈≈~~≈))..#
~.o≈≈~....#
..≈h≈o≈~..#
.>.hh≈≈o...######
...~h≈≈o.........
.$~.~≈≈o....#####
≈~~~≈≈≈~...###...


You could see a troll, a wolf (ally target), 3 hounds, a friendly orc knight
(strong), 2 friendly orc warriors, a friendly orc wizard (strong, invisible) and
a friendly orc (strong).

Vanquished Creatures
  An orc knight (Bailey)
  A deep elf zephyrmancer (Bailey)
  Maurice (D:9)
  Joseph (D:7)
  Maggie (D:8)
  A kobold demonologist (D:11)
  A troll (D:7)
  A hornet (D:7)
  2 wyverns
  12 yaks
  A steam dragon (D:6)
  2 vampire mosquitoes (D:10)
  4 water moccasins
  Edmund (D:5)
  2 black bears
  4 orc warriors
  3 centaurs
  3 kobold brigands
  2 scorpions
  5 killer bees (D:9)
  An electric eel (D:11)
  2 howler monkeys
  A jelly (D:6)
  3 orc priests
  Crazy Yiuf (D:6)
  4 hounds
  3 iguanas
  11 orc wizards
  2 sleepcaps
  5 gnolls
  4 adders
  3 white imps
  A worm (D:3)
  2 dart slugs
  38 orcs
  6 ball pythons
  7 endoplasms
  3 giant cockroaches
  7 goblins
  9 hobgoblins
  12 jackals
  4 quokkas
  4 bats
  A frilled lizard (D:2)
  13 kobolds
  7 rats
203 creatures vanquished.

Vanquished Creatures (collateral kills)
  2 trolls (D:10)
  A wraith (D:10)
  4 yaks
  2 chaos spawn (D:9)
  A steam dragon (D:9)
  3 orc warriors (D:9)
  A black bear (D:8)
  A centaur (D:10)
  2 bullfrogs (D:9)
  A killer bee (D:9)
  3 howler monkeys
  2 orc priests
  4 orc wizards
  A shadow imp (D:7)
  An ufetubus (D:7)
  4 orcs (D:9)
  A kobold (D:8)
34 creatures vanquished.

Vanquished Creatures (others)
  2 orc warriors (D:9)
  2 orc priests (D:9)
  A dart slug (D:4)
  17 orcs
  A quokka (D:4)
  A kobold (D:4)
24 creatures vanquished.

Grand Total: 261 creatures vanquished

Notes
Turn   | Place    | Note
-------+----------+-------------------------------------------
     0 | D:1      | Eitelfritz the Hill Orc Fighter began the quest for the
                  | Orb.
     0 | D:1      | Reached XP level 1. HP: 19/19 MP: 1/1
   102 | D:1      | Reached XP level 2. HP: 23/27 MP: 2/2
   342 | D:1      | Reached skill level 3 in Axes
   522 | D:1      | Reached XP level 3. HP: 31/33 MP: 3/3
   856 | D:2      | Found a faded altar of an unknown god.
  1107 | D:2      | Noticed a black bear
  1123 | D:2      | Killed a black bear
  1124 | D:2      | Reached skill level 4 in Axes
  1124 | D:2      | Reached XP level 4. HP: 31/40 MP: 4/4
  1124 | D:2      | Reached XP level 5. HP: 35/46 MP: 5/5
  1789 | D:3      | Reached skill level 5 in Axes
  2133 | D:3      | Reached XP level 6. HP: 53/53 MP: 6/6
  3092 | D:4      | Became a worshipper of Beogh the Brigand
  3303 | D:4      | Found a radiant altar of Vehumet.
  3313 | D:4      | Found a staircase to the Ecumenical Temple.
  3332 | D:4      | Reached skill level 6 in Axes
  3340 | D:4      | Reached skill level 1 in Dodging
  3479 | D:4      | Found Wachoaqa's Tremendous Tomes.
  3598 | D:4      | Reached XP level 7. HP: 58/60 MP: 7/7
  3660 | D:4      | Found an ancient bone altar of Kikubaaqudgha.
  3691 | D:4      | Found a shimmering blue altar of Sif Muna.
  3697 | D:4      | Got Kikubaaqudgha's Volume of the Grave
  4287 | Temple   | Entered the Ecumenical Temple
  4440 | D:5      | Entered Level 5 of the Dungeon
  4456 | D:5      | Reached skill level 1 in Invocations
  4461 | D:5      | Reached * piety under Beogh
  4524 | D:5      | Reached skill level 5 in Fighting
  4569 | D:5      | Noticed Edmund
  4627 | D:5      | Killed Edmund
  4628 | D:5      | Reached skill level 7 in Axes
  4757 | D:5      | Reached skill level 5 in Armour
  5216 | D:6      | Noticed a wyvern
  5223 | D:6      | Reached XP level 8. HP: 50/68 MP: 10/10
  5234 | D:6      | Killed a wyvern
  5235 | D:6      | Reached skill level 8 in Axes
  5327 | D:6      | Reached skill level 1 in Stealth
  5520 | D:6      | Reached ** piety under Beogh
  5610 | D:6      | Reached skill level 9 in Axes
  6017 | D:6      | Found a runed translucent door.
  6018 | D:6      | Noticed Crazy Yiuf
  6132 | D:6      | Killed Crazy Yiuf
  6191 | D:7      | Reached skill level 5 in Shields
  6191 | D:7      | Reached XP level 9. HP: 63/75 MP: 12/12
  6192 | D:7      | Reached skill level 5 in Invocations
  6203 | D:7      | Noticed a hornet
  6210 | D:7      | Paralysed by a hornet for 1 turns
  6211 | D:7      | Killed a hornet
  6361 | D:7      | Noticed Joseph
  6375 | D:7      | Killed Joseph
  6376 | D:7      | Reached skill level 10 in Axes
  6393 | D:7      | Noticed a troll
  6405 | D:7      | Killed a troll
  6419 | D:7      | Found a broken altar of Ashenzari.
  6527 | D:7      | Found a flagged portal.
  6536 | Bailey   | Entered a bailey
  6700 | Bailey   | Noticed an orc knight
  6725 | Bailey   | Killed an orc knight
  6726 | Bailey   | Reached XP level 10. HP: 32/86 MP: 13/15
  6932 | Bailey   | Found a large runed translucent door.
  6932 | Bailey   | Found a large runed translucent door.
  6933 | Bailey   | Noticed a deep elf zephyrmancer
  7036 | Bailey   | Killed a deep elf zephyrmancer
  7037 | Bailey   | Reached skill level 11 in Axes
  7122 | Bailey   | Identified the staff of fire "Imiod" {*Slow rElec rF+ rN+
                  | Dex+2}
  7244 | D:7      | Reached *** piety under Beogh
  7767 | D:7      | Found a bloodstained altar of Trog.
  8028 | D:8      | Found Tecahouf's Antique Weapon Boutique.
  8179 | D:8      | Noticed Maggie
  8204 | D:8      | Killed Maggie
  8318 | D:8      | Reached skill level 1 in Ranged Weapons
  8438 | D:8      | Found a hazy altar of Hepliaklqana.
  8765 | D:9      | Found a roughly hewn altar of Beogh.
  8765 | D:9      | Found a staircase to the Orcish Mines.
  8783 | D:9      | Reached skill level 12 in Axes
  8884 | D:9      | Reached **** piety under Beogh
  9111 | D:9      | Found a shimmering altar of Xom.
  9154 | D:9      | Found an opulent altar of Gozag.
  9186 | D:9      | Found the +7 mace of Variability {chaos, chaos arc}
  9412 | D:9      | Found a sacrificial altar of Ru.
  9496 | D:9      | Noticed Maurice
  9521 | D:9      | Killed Maurice
  9798 | D:10     | Entered Level 10 of the Dungeon
  9801 | D:10     | Reached XP level 11. HP: 94/94 MP: 15/17
 10196 | D:10     | Found a burning altar of Makhleb.
 10325 | D:10     | Reached skill level 13 in Axes
 10735 | D:11     | Found a staircase to the Lair.
 10770 | D:11     | Slain by a troll

Illustrated notes

Levels and vault maps discovered:
D:1:      dpeg_arrival_concentric_ovals, layout_loops_ring, hex_tiny,
          minmay_misc_feat_diagonals
D:2:      layout_basic, hellmonk_ecumenical_altar_pennies_from_heaven
D:3:      layout_basic
D:4:      layout_basic, grunt_temple_overflow_magic_moments,
          minmay_temple_entry_wispy, nicolae_shop_i_like_big_books
D:5:      layout_loops_ring, uniq_edmund
D:6:      layout_loops_ring, uniq_crazy_yiuf_cottage
D:7:      layout_loops_ring, trog_hazing_becter, amcnicky_altar_gilded,
          enter_bailey_8, uniq_joseph
D:8:      layout_basic, nzn_hepliaklqana_mist_gate, serial_shops, shop,
          uniq_maggie
D:9:      layout_basic, mainiacjoe_overflow_alcove_2,
          mainiacjoe_overflow_alcove_4, david_orc_5,
          minmay_guarded_unrand_variability, uniq_maurice
D:10:     layout_roguey, lemuel_round_altar
D:11:     layout_basic, erik_lair_island
Temple:   nicolae_temple_ecumenical_triangle

Skill      XL: |  1  2  3  4  5  6  7  8  9 10 11 |
---------------+----------------------------------+-----
Axes           | 3 4 5 6 7 9 10 12 13 | 13.1
Fighting       | 4 5 6 7 8 |  8.6
Armour         | 4 5 6 7 |  7.1
Shields        | 4 5 6 7 |  7.5
Dodging        | 1 2 3 4 |  4.0
Invocations    | 3 4 6 8 9 |  9.7
Stealth        | 1 2 |  2.6
Ranged Weapons | 1 |  1.0
Throwing       | |  0.1

Action                     |  1- 3 |  4- 6 |  7- 9 | 10-12 || total
---------------------------+-------+-------+-------+-------++-------
  Melee: War axe           |    85 |   135 |   317 |   229 ||   766
   Fire: Sling             |       |       |     2 |    10 ||    12
  Throw: Dart              |     2 |       |       |       ||     2
 Invoke: Convert to Beogh  |       |     1 |       |       ||     1
         Recall Orcish Fol |       |       |       |     2 ||     2
    Use: Scroll            |       |       |    16 |     6 ||    22
         Potion            |       |       |     5 |       ||     5
   Stab: Distracted        |       |       |       |     6 ||     6
 Armour: Scale mail        |    54 |    66 |    30 |       ||   150
         Ring mail         |       |       |   121 |   103 ||   224
  Dodge: Dodged            |    51 |    58 |   179 |   102 ||   390
  Block: Buckler           |    23 |    30 |   138 |   136 ||   327
         Reflection        |       |       |     1 |     4 ||     5
